 Dungeon Crawl Stone Soup version 0.30.0-10-gfe55d96785 (webtiles) character file.

Game seed: 16864638457763466609

614 booth the Conjurer (level 7, -8/46 HPs)
             Began as a Demonspawn Reaver on May 14, 2023.
             Was a Follower of Hepliaklqana.
             Mangled by a gnoll sergeant
             ... wielding a +3 trident of protection
              (11 damage)
             ... on level 4 of the Dungeon.
             The game lasted 00:26:29 (3595 turns).

booth the Conjurer (Demonspawn Reaver)              Turns: 3595, Time: 00:26:30

Health: -8/46      AC:  4    Str: 15    XL:     7   Next: 20%
Magic:  11/11      EV: 12    Int: 14    God:    Hepliaklqana [*.....]
Gold:   246        SH:  6    Dex: 14    Spells: 6/12 levels left

rFire   . . .        a - +0 hand axe
rCold   . . .        (no shield)
rNeg    + + .        b - +0 leather armour
rPois   .            (no helmet)
rElec   .            (no cloak)
rCorr   .            (no gloves)
SInv    .            g - +0 pair of boots
Will    .....        (no amulet)
Stlth   +            m - ring of Tender Moments {Fly rN+ Dex+3}
HPRegen 0.27/turn    f - ring of positive energy
MPRegen 0.12/turn

%: no passive effects
@: flying
A: reduced essence, large bone plates 2, powered by pain 1, demonic touch 1
a: Renounce Religion, Recall Ancestor, Ancestor Identity


You were on level 4 of the Dungeon.
You worshipped Hepliaklqana.
Hepliaklqana was aware of your devotion.
You visited 1 branch of the dungeon, and saw 6 of its levels.

You collected 246 gold pieces.

Inventory:

Hand Weapons
 a - a +0 hand axe (weapon)
 s - a +1 flail of protection
Missiles
 e - 2 throwing nets (quivered)
Armour
 b - a +0 leather armour (worn)
 g - a +0 pair of boots (worn)
Jewellery
 f - a ring of positive energy (right hand)
 m - the ring of Tender Moments (left hand) {Fly rN+ Dex+3}
   (You found it on level 3 of the Dungeon)

   [ring of flight]

   Dex:       It affects your dexterity (+3).
   rN:        It protects you from negative energy.
   Fly:       It grants you flight.
Wands
 p - a wand of paralysis (9)
Scrolls
 j - 2 scrolls of vulnerability
 k - a scroll of fear
 l - 2 scrolls of fog
 o - a scroll of poison {unknown}
 r - a scroll of magic mapping {unknown}
 u - 2 scrolls of enchant armour {unknown}
 w - a scroll of teleportation
Potions
 c - a potion of might
 d - 3 potions of curing
 h - a potion of flight
 n - 2 potions of heal wounds
 q - a potion of lignification {unknown}
 t - a potion of resistance {unknown}
 v - a potion of mutation
 x - a potion of attraction {unknown}


   Skills:
 + Level 3.3 Fighting
 * Level 3.6 Axes
 + Level 0.0(2.1) Maces & Flails
 + Level 2.3 Armour
 - Level 3.0 Dodging
 + Level 3.1 Spellcasting
 + Level 5.0 Conjurations
 + Level 1.2 Necromancy
 + Level 0.8 Translocations


You had 6 spell levels left.
You knew the following spells:

 Your Spells              Type           Power      Damage    Failure   Level
a - Kiss of Death         Conj/Necr      40%        2d8       8%          1
b - Momentum Strike       Conj/Tloc      20%        3d8       12%         2
c - Hailstorm             Conj/Ice       9%         3d4       28%         3

Your spell library contained the following spells:

 Spells                   Type           Power      Damage    Failure   Level
 Magic Dart               Conj           64%        1d6       3%          1
 Searing Ray              Conj           32%        2d5       4%          2
 Sublimation of Blood     Necr           5%         N/A       24%         2
 Ensorcelled Hibernation  Hex/Ice        4%         N/A       36%         2
 Wereblood                Tmut           2%         N/A       36%         2
 Spider Form              Tmut/Pois      2%         N/A       61%         3
 Fulminant Prism          Conj/Hex       4%         3d5       67%         4
 Anguish                  Hex/Necr       1%         N/A       90%         4
 Summon Hydra             Summ           1%         N/A       100%        7


Dungeon Overview and Level Annotations

Branches:
Dungeon (6/15)
 Temple: D:4-7

Altars:
Hepliaklqana
Uskayaw

Shops:
D:1 ((*[!   D:2 [


Innate Abilities, Weirdness & Mutations

Your life essence is reduced to manifest your ancestor. (-10% HP)
You are mostly covered in large bone plates. (SH +6)
You sometimes gain a little power by taking damage.
Your touch may inflict minor irresistible damage on your foes.


Message History

Done exploring.
You swap places.
There is a stone staircase leading down here.
You fly downwards.
The gnoll shouts! x2; The gnoll sergeant shouts!
The gnoll barely misses Appius.
You hear a shout! x2
Found a stone staircase leading up.
There is a stone staircase leading up here.
Casting: Momentum Strike (safe; 12% risk of failure)
Confirm with . or Enter, or press ? or * to list all spells.
Okay, then.
The gnoll barely misses Appius.
Appius closely misses the gnoll.
Appius hits the gnoll.
The gnoll hits Appius with a +0 flail!
The gnoll barely misses Appius.
Appius hits the gnoll.
The gnoll shouts!
The gnoll hits you with a +0 whip.
The gnoll hits you from afar with a +0 spear.
You block the gnoll's attack.
Appius closely misses the gnoll.
The gnoll attacks as you move away! The gnoll hits you with a +0 flail.
An ogre comes into view. It is wielding a +0 giant club.
You block the gnoll's attack. The gnoll hits you with a +0 spear.
The gnoll sergeant barely misses you.
Appius hits the gnoll.
You hit the gnoll sergeant but do no damage.
You touch the gnoll sergeant.
The gnoll sergeant is moderately wounded.
You closely miss the gnoll. You hit the gnoll but do no damage.
You completely miss the gnoll. The gnoll hits you with a +0 whip!
The gnoll closely misses you. The gnoll hits you with a +0 flail!
The gnoll sergeant closely misses you.
Appius hits the gnoll.
Blink to where?
Press: ? - help, Dir - move target
As you read the scroll of blinking, it crumbles to dust.
Appius misses the gnoll.
The gnoll hits you with a +0 flail!
* * * LOW HITPOINT WARNING * * *
The gnoll hits Appius with a +0 whip!
The gnoll closely misses you. The gnoll hits you with a +0 flail.
* * * LOW HITPOINT WARNING * * *
The gnoll sergeant hits you from afar with a +3 trident of protection!
You die...

#..# ...# .... ..# ..##
#####...# #@ggO...#####
#Rggg...<.....
...................###
......................#
.....#....#..#.........
....##...#....## #..###
.........#....# #..#.
.........#....# ###†..
......#####..#####.....


You could see the friendly Appius the ancestor, an ogre, a gnoll sergeant and 4
gnolls.

Vanquished Creatures
  Sigmund (D:3)
  A black bear (D:4)
  2 scorpions
  A hound (D:4)
  2 iguanas (D:5)
  5 adders
  An ufetubus (D:6)
  2 worms (D:2)
  3 dart slugs
  6 orcs
  8 ball pythons
  7 endoplasms
  2 giant cockroaches
  4 goblins
  7 hobgoblins
  5 quokkas
  9 bats
  6 frilled lizards
  5 kobolds
  5 rats
82 creatures vanquished.

Vanquished Creatures (collateral kills)
  An adder (D:3)
  A ball python (D:4)
  A hobgoblin (D:3)
3 creatures vanquished.

Grand Total: 85 creatures vanquished

Notes
Turn   | Place    | Note
-------+----------+-------------------------------------------
     0 | D:1      | booth the Demonspawn Reaver began the quest for the Orb.
     0 | D:1      | Reached XP level 1. HP: 16/16 MP: 3/3
   120 | D:1      | Gained mutation: Your touch may inflict minor irresistible
                  | damage on your foes. [demonic ancestry]
   120 | D:1      | Reached XP level 2. HP: 18/22 MP: 5/5
   129 | D:1      | Found Ozown's Distillery.
   167 | D:1      | Found Quiliuf's Antique Armour Boutique.
   225 | D:1      | Found Tiem's Weapon Shoppe.
   262 | D:1      | Found Jomujumi's Weapon Emporium.
   408 | D:1      | Found Maixev's Assorted Antiques.
   714 | D:2      | Gained mutation: You sometimes gain a little power by
                  | taking damage. [demonic ancestry]
   714 | D:2      | Reached XP level 3. HP: 25/27 MP: 6/6
   990 | D:2      | Reached skill level 1 in Armour
  1419 | D:2      | Found a hide-covered altar of Uskayaw.
  1467 | D:2      | Found Teicix's Antique Armour Shoppe.
  1680 | D:3      | Noticed Sigmund
  1750 | D:3      | Gained mutation: You are partially covered in large bone
                  | plates. (SH +4) [demonic ancestry]
  1750 | D:3      | Reached XP level 4. HP: 20/34 MP: 7/7
  1861 | D:3      | Killed Sigmund
  1862 | D:3      | Reached skill level 4 in Conjurations
  1862 | D:3      | Reached XP level 5. HP: 32/40 MP: 6/9
  1914 | D:3      | Identified the ring of Tender Moments {Fly rN+ Dex+3}
  1959 | D:3      | Found a faded altar of an unknown god.
  2013 | D:3      | Gained mutation: You are mostly covered in large bone
                  | plates. (SH +6) [demonic ancestry]
  2013 | D:3      | Reached XP level 6. HP: 38/46 MP: 10/10
  2032 | D:3      | You are sucked into a shaft and drop 3 floors!
  2496 | D:5      | Entered Level 5 of the Dungeon
  2496 | D:5      | Found a hazy altar of Hepliaklqana.
  2504 | D:5      | Became a worshipper of Hepliaklqana the Forgotten
  2770 | D:5      | Learned a level 2 spell: Momentum Strike
  2774 | D:5      | Learned a level 3 spell: Hailstorm
  3138 | D:4      | Reached skill level 1 in Necromancy
  3138 | D:4      | Reached XP level 7. HP: 25/52 MP: 11/11
  3287 | D:4      | Reached skill level 5 in Conjurations
  3297 | D:4      | Reached * piety under Hepliaklqana
  3595 | D:4      | Mangled by a gnoll sergeant

Illustrated notes

Levels and vault maps discovered:
D:1:      scummos_arrival_gate, layout_rooms, serial_shops, shop, shop,
          nicolae_shop_industrial_runoff, nicolae_shop_tiny_real_fake_doors,
          shop, fountainhead
D:2:      minmay_diamond_boxcup, layout_basic, serial_shops, shop, basic_altar
D:3:      layout_rooms, ebering_ecumenical_altar_abandoned, uniq_sigmund
D:4:      layout_rooms, minivault_25
D:5:      layout_gridville, nicolae_hepliaklqana_hazy_memory,
          gammafunk_temple_overflow_claw, minmay_temple_entry_stoned_glass,
          serial_shops, shop
D:6:      layout_gridville, jmf_multi_god_temple2, ebering_ghost_xom

Skill      XL: |  1  2  3  4  5  6  7 |
---------------+----------------------+-----
Dodging        | 2 3 |  3.0
Armour         | 1 2 |  2.3
Axes           | 3 |  3.6
Conjurations   | 4 5 |  5.0
Fighting       | 3 |  3.3
Spellcasting   | 3 |  3.1
Necromancy     | 1 |  1.2
Translocations | |  0.8

Action                     |  1- 3 |  4- 6 |  7- 9 || total
---------------------------+-------+-------+-------++-------
  Melee: Hand axe          |   136 |    89 |    15 ||   240
         Touch             |    24 |    16 |     4 ||    44
         Punch             |       |     1 |       ||     1
  Throw: Throwing net      |       |     1 |       ||     1
   Cast: Kiss of Death     |       |     1 |       ||     1
         Momentum Strike   |       |     1 |       ||     1
 Invoke: Recall Ancestor   |       |       |     1 ||     1
    Use: Scroll            |     5 |     2 |     4 ||    11
         Potion            |     1 |       |       ||     1
 Armour: Leather armour    |    52 |    15 |     4 ||    71
  Dodge: Dodged            |    86 |    46 |    13 ||   145
  Block: Other             |       |    21 |     4 ||    25
